Map: Abyssal Reef LE

Players

Venici - Winner!

  • Race: Protoss Protoss
  • League: Gold
  • Spawn Location: 5:00

A.I. 1 (Elite)

  • Race: Protoss Protoss
  • Spawn Location: 11:00

VOD

Have the link to the VOD?

Description

Time

  • Played on: April 10, 2017, 6:38 p.m.
  • Length: 14:18
Show
View Real Time Build Order
Export as new Build Order

Venici Protoss - Winner!

Build Orders: Oracle Opening 

Get SALT Encoding   

  12  0:01  Probe (Chrono Boost)  
  13  0:11  Probe (Chrono Boost)  
  14  0:22  Pylon, Probe (Chrono Boost)  
  15  0:40  Probe (Chrono Boost)  
  15  0:41  Gateway  
  16  0:50  Probe (Chrono Boost)  
  16  0:51  Assimilator  
  16  0:53  Assimilator  
  17  1:01  Probe (Chrono Boost)  
  18  1:10  Pylon  
  18  1:11  Probe (Chrono Boost)  
  19  1:22  Probe (Chrono Boost)  
  20  1:27  Cybernetics Core  
  21  1:33  Probe (Chrono Boost)  
  21  1:43  Probe (Chrono Boost)  
  22  1:58  Nexus  
  22  2:13  Stargate  
  22  2:37  Pylon  
  22  2:45  Pylon  
  22  2:46  Pylon  
  22  2:55  Mothership Core (Chrono Boost)  
  22  2:56  Oracle  
  27  3:11  Probe (Chrono Boost)  
  28  3:14  Probe (Chrono Boost)  
  29  3:21  Probe (Chrono Boost)  
  29  3:25  Probe (Chrono Boost)  
  31  3:32  Probe (Chrono Boost)  
  32  3:34  Stargate  
  32  3:41  Robotics Facility  
  32  3:47  Probe x2 (Chrono Boost)  
  34  3:57  Probe (Chrono Boost)  
  34  3:58  Probe (Chrono Boost)  
  36  4:09  Probe x2 (Chrono Boost)  
  38  4:20  Probe x2 (Chrono Boost)  
  38  4:21  Assimilator  
  38  4:22  Void Ray x2  
  48  4:34  Observer  
  49  4:39  Probe x2 (Chrono Boost), Assimilator  
  51  4:50  Probe x2 (Chrono Boost)  
  53  4:58  Stargate  
  53  5:05  Probe x2 (Chrono Boost)  
  55  5:15  Void Ray  
  59  5:22  Probe x2 (Chrono Boost)  
  61  5:29  Void Ray  
  65  6:02  Void Ray  
  69  6:25  Pylon  
  69  6:26  Nexus  
  69  6:27  Pylon  
  69  6:28  Pylon, Assimilator  
  69  6:29  Pylon  
  69  6:31  Pylon x2  
  69  6:32  Assimilator  
  69  6:33  Pylon  
  69  6:34  Pylon x2  
  69  6:35  Pylon  
  69  6:37  Pylon  
  69  6:40  Pylon  
  69  6:43  Void Ray x2  
  77  6:57  Void Ray  
  81  7:19  Immortal  
  85  7:29  Probe x2 (Chrono Boost)  
  87  7:31  Void Ray x2  
  95  7:38  Fleet Beacon  
  95  7:58  Void Ray  
  98  8:06  Immortal  
  98  8:11  Probe x3 (Chrono Boost)  
  105  8:18  Graviton Catapult  
  105  8:21  Probe x2 (Chrono Boost)  
  105  8:22  Probe (Chrono Boost)  
  105  8:24  Void Ray x2  
  116  8:44  Void Ray  
  117  9:06  Probe x2 (Chrono Boost)  
  117  9:07  Probe (Chrono Boost)  
  120  9:12  Carrier x2  
  120  9:16  Probe x2 (Chrono Boost)  
  134  9:19  Probe (Chrono Boost)  
  134  9:22  Protoss Air Weapons Level 1  
  135  9:27  Carrier  
  141  9:31  Forge  
  141  9:49  Protoss Shields Level 1  
  141  9:53  Adept  
  141  9:58  Immortal  
  147  10:11  Stargate  
  147  10:14  Stargate  
  147  10:16  Stargate  
  147  10:30  Nexus  
  147  10:34  Assimilator  
  147  10:37  Carrier  
  147  10:38  Assimilator  
  147  10:40  Carrier  
  159  10:43  Pylon  
  159  10:45  Pylon  
  159  10:47  Pylon  
  159  10:50  Immortal  
  161  11:12  Carrier  
  161  11:17  Carrier  
  173  11:18  Void Ray  
  173  11:22  Void Ray  
  175  11:48  Observer  
  176  12:07  Probe (Chrono Boost)  
  176  12:08  Probe x2 (Chrono Boost)  
  180  12:09  Probe (Chrono Boost)  
  180  12:33  Probe x3 (Chrono Boost)  
  180  12:34  Probe (Chrono Boost)  
  184  12:49  Void Ray x4  
  200  13:09  Twilight Council  
Show
View Real Time Build Order
Export as new Build Order

A.I. 1 (Elite) Protoss 

Build Orders: Zealot Archon 

Get SALT Encoding   

  12  0:01  Probe (Chrono Boost)  
  13  0:11  Probe (Chrono Boost)  
  14  0:19  Pylon  
  14  0:22  Probe (Chrono Boost)  
  15  0:37  Probe (Chrono Boost)  
  15  0:39  Gateway  
  16  0:47  Assimilator  
  16  0:48  Probe (Chrono Boost)  
  17  0:58  Probe (Chrono Boost)  
  17  1:00  Pylon  
  18  1:09  Probe (Chrono Boost)  
  19  1:20  Probe (Chrono Boost)  
  20  1:27  Zealot  
  20  1:30  Cybernetics Core  
  20  1:31  Probe (Chrono Boost)  
  23  1:42  Probe (Chrono Boost)  
  25  1:54  Probe (Chrono Boost)  
  25  1:56  Zealot  
  25  1:57  Gateway  
  25  2:00  Pylon  
  27  2:05  Probe (Chrono Boost)  
  28  2:21  Warp Gate  
  28  2:27  Nexus  
  28  2:34  Probe (Chrono Boost)  
  29  2:38  Assimilator  
  29  2:45  Probe (Chrono Boost)  
  29  2:46  Adept  
  32  2:52  Adept  
  32  2:57  Probe (Chrono Boost)  
  35  3:05  Pylon  
  35  3:09  Probe (Chrono Boost)  
  35  3:11  Adept  
  38  3:21  Stalker  
  40  3:27  Forge  
  40  3:48  Probe (Chrono Boost)  
  41  3:52  Probe (Chrono Boost)  
  41  3:59  Probe (Chrono Boost)  
  36  4:02  Photon Cannon  
  36  4:03  Probe (Chrono Boost)  
  36  4:05  Photon Cannon  
  36  4:10  Probe (Chrono Boost)  
  36  4:14  Probe (Chrono Boost)  
  32  4:20  Probe (Chrono Boost)  
  33  4:25  Probe (Chrono Boost)  
  33  4:31  Probe (Chrono Boost)  
  35  4:35  Probe (Chrono Boost)  
  36  4:41  Probe (Chrono Boost)  
  37  4:46  Probe (Chrono Boost)  
  37  4:52  Probe (Chrono Boost)  
  39  4:56  Probe (Chrono Boost)  
  40  5:02  Probe (Chrono Boost)  
  40  5:04  Robotics Facility  
  42  5:07  Probe (Chrono Boost)  
  42  5:13  Adept, Probe (Chrono Boost)  
  45  5:19  Probe (Chrono Boost)  
  46  5:22  Adept  
  46  5:25  Twilight Council, Probe (Chrono Boost)  
  49  5:30  Probe (Chrono Boost)  
  50  5:36  Probe (Chrono Boost)  
  50  5:41  Probe (Chrono Boost)  
  48  5:43  Stalker  
  46  5:52  Stalker  
  44  6:03  Stalker  
  45  6:05  Templar Archives  
  45  6:08  Probe (Chrono Boost)  
  47  6:12  Probe (Chrono Boost)  
  47  6:17  Sentry  
  49  6:19  Probe (Chrono Boost)  
  49  6:23  Probe (Chrono Boost)  
  51  6:30  Probe (Chrono Boost)  
  51  6:32  Gateway  
  52  6:37  Pylon  
  52  6:38  Probe (Chrono Boost)  
  53  6:41  High Templar x2  
  53  6:42  Probe (Chrono Boost)  
  58  6:48  Archon  
  58  6:50  Probe (Chrono Boost)  
  55  6:56  Probe (Chrono Boost)  
  57  7:01  Probe (Chrono Boost)  
  57  7:07  Pylon  
  58  7:09  Probe (Chrono Boost)  
  58  7:10  Stalker  
  58  7:11  High Templar  
  58  7:13  Probe (Chrono Boost)  
  63  7:20  Probe (Chrono Boost)  
  64  7:24  Probe (Chrono Boost)  
  64  7:26  High Templar  
  64  7:28  Assimilator  
  67  7:31  Probe (Chrono Boost)  
  67  7:35  Observer  
  67  7:36  Probe (Chrono Boost)  
  70  7:37  Assimilator  
  70  7:41  Archon, Pylon  
  70  7:43  Probe (Chrono Boost)  
  71  7:47  Probe (Chrono Boost)  
  72  7:54  Probe (Chrono Boost)  
  72  7:58  Probe (Chrono Boost)  
  74  7:59  Zealot  
  74  8:01  High Templar  
  74  8:04  Pylon  
  79  8:05  Probe (Chrono Boost)  
  79  8:09  Probe (Chrono Boost)  
  80  8:15  High Templar  
  80  8:17  Probe (Chrono Boost)  
  84  8:20  Probe (Chrono Boost)  
  84  8:22  Stalker  
  86  8:29  Pylon, Probe (Chrono Boost)  
  86  8:30  Archon  
  86  8:32  Stalker, Probe (Chrono Boost)  
  90  8:40  Probe (Chrono Boost)  
  88  8:42  Probe (Chrono Boost)  
  88  8:44  High Templar  
  87  8:51  Probe (Chrono Boost)  
  87  8:53  High Templar  
  87  8:54  Pylon, Probe (Chrono Boost)  
  91  8:58  Stalker  
  91  9:01  Pylon  
  94  9:03  Probe (Chrono Boost)  
  94  9:05  Archon, Probe (Chrono Boost)  
  95  9:14  Probe (Chrono Boost)  
  95  9:15  High Templar  
  95  9:16  Probe (Chrono Boost)  
  99  9:23  Nexus  
  99  9:25  Probe (Chrono Boost)  
  99  9:26  High Templar  
  99  9:28  Probe (Chrono Boost)  
  103  9:31  Forge  
  103  9:35  Sentry  
  105  9:39  Pylon  
  105  9:45  Zealot  
  105  9:51  Pylon  
  107  9:56  Psionic Storm  
  107  10:05  Protoss Ground Weapons Level 1  
  107  10:15  Protoss Ground Armor Level 1  
  107  10:25  Stalker  
  109  10:32  Stalker  
  109  10:34  Stalker  
  115  10:36  Probe (Chrono Boost)  
  115  10:37  Probe x2 (Chrono Boost)  
  115  10:42  Assimilator  
  116  10:48  Stalker, Probe x2 (Chrono Boost)  
  116  10:49  Assimilator, Probe (Chrono Boost)  
  121  10:51  Pylon  
  121  10:54  Zealot  
  121  10:56  Zealot  
  125  10:57  Pylon  
  125  10:59  Probe (Chrono Boost)  
  125  11:01  Immortal, Probe (Chrono Boost)  
  125  11:02  Probe (Chrono Boost)  
  132  11:10  Probe (Chrono Boost)  
  133  11:12  Stargate, Probe (Chrono Boost)  
  133  11:13  Probe (Chrono Boost)  
  135  11:18  Sentry  
  135  11:22  Probe (Chrono Boost)  
  135  11:24  Probe (Chrono Boost)  
  140  11:26  Probe (Chrono Boost)  
  140  11:27  Stalker  
  140  11:30  Pylon  
  140  11:31  Stalker  
  125  11:33  Probe (Chrono Boost)  
  125  11:35  Probe (Chrono Boost)  
  125  11:38  Immortal, Probe (Chrono Boost)  
  83  11:40  High Templar  
  85  11:49  Stalker  
  85  11:53  Adept  
  89  11:56  Phoenix  
  91  12:10  Stalker, Zealot  
  91  12:12  Zealot  
  97  12:18  Phoenix  
  99  12:28  Stalker  
  101  12:30  Zealot  
  101  12:31  Zealot  
  105  12:38  Void Ray  
  109  12:48  High Templar  
  109  12:50  Nexus  
  111  12:59  Sentry  
  111  13:00  Zealot  
  111  13:01  Archon  
  115  13:16  Stalker  
  115  13:18  Zealot  
  85  13:20  Zealot  
  85  13:26  Zealot  
  69  13:27  Stalker, Zealot  
  69  13:30  Photon Cannon  
  62  13:37  Probe x2 (Chrono Boost)  
  46  13:42  Photon Cannon  
  46  13:45  Zealot x2  
  46  13:48  Zealot, Probe (Chrono Boost)  
  41  14:00  Probe (Chrono Boost)  
  26  14:03  Adept, Probe (Chrono Boost)  
  26  14:05  Stalker  
  26  14:07  Zealot  
Tags
 
Composition
Zealot Archon
League
Gold
Matchup
PvP
Spawn Locations
Cross Positions
Add a new tag
Caveats
  • Supply blocks, unpowered buildings, or Contaminate may cause inaccurate times.
  • Supply counts are checked every 10 seconds.